 Dungeon Crawl Stone Soup version 0.16-a0-3061-g1c4ddba (webtiles) character file.

106 Kemay the Insei (level 4, -1/28 HPs)
             Began as an Octopode Transmuter on Dec 10, 2014.
             Slain by an orc
             ... wielding a +0 flail
              (7 damage)
             ... on level 3 of the Dungeon.
             The game lasted 00:07:34 (2518 turns).

Kemay the Insei (Octopode Transmuter)               Turns: 2518, Time: 00:07:34

Health: -1/28      AC:  1    Str:  9    XL:     4   Next: 84%
Magic:  7/7        EV: 11    Int: 19    God:
Gold:   148        SH:  5    Dex: 12    Spells: 1 memorised, 6 levels left

rFire  . . .     SeeInvis .       - Unarmed
rCold  . . .     Clarity  .     b - +2 buckler {rN+}
rNeg   + . .     SustAb   .     (helmet restricted)
rPois  .         Gourm    .     (no amulet)
rElec  .         Spirit   .     n - +3 ring of intelligence
rCorr  .         Warding  .     (no ring)
rMut   .         Stasis   .     (no ring)
MR     .....                    (no ring)
Stlth  ++........               (no ring)
                                (no ring)
                                (no ring)
                                (no ring)

@: not resistant to hostile enchantments, unstealthy
A: almost no armour, amphibious, 8 rings, constrict 8, camouflage 1, gelatinous
body 1
a: no special abilities


You were on level 3 of the Dungeon.
You were not hungry.

You visited 1 branch of the dungeon, and saw 3 of its levels.

You collected 148 gold pieces.

Inventory:

Missiles
 f - 50 sling bullets
Armour
 b - a +2 buckler of positive energy (worn)
Jewellery
 n - a +3 ring of intelligence (left tentacle)
Scrolls
 e - a scroll of fear
 g - 2 scrolls of magic mapping
 k - 2 scrolls of fog
Potions
 h - a potion of restore abilities
 l - a potion of poison {unknown}
Books
 d - a book of Changes

   Spells                             Type                      Level
   a - Beastly Appendage              Transmutation                1
   b - Sticks to Snakes               Transmutation                2
   c - Spider Form                    Transmutation/Poison         3
   d - Ice Form                       Ice/Transmutation            4
   e - Blade Hands                    Transmutation                5
Comestibles
 a - 3 bread rations
 i - 2 slices of pizza
 j - a meat ration


   Skills:
 - Level 1.0 Fighting
 * Level 2.0 Dodging
 * Level 1.2 Shields
 + Level 5.1 Unarmed Combat
 - Level 2.0 Spellcasting
 - Level 2.0 Transmutations


You had 6 spell levels left.
You knew the following spells:

 Your Spells              Type           Power        Failure   Level  Hunger
a - Beastly Appendage     Trmt           #.....       10%         1    #......


Dungeon Overview and Level Annotations

Branches:
Dungeon (3/15)

Altars:
Qazlal


Innate Abilities, Weirdness & Mutations

You cannot wear most types of armour.
You are amphibious.
You can wear up to eight rings at the same time.
You can use your tentacles to constrict many enemies at once.
Your skin changes colour to match your surroundings (Stealth).
Your rubbery body absorbs attacks (AC +1).


Message History

The kobold hits you but does no damage.
An orc comes into view. It is wielding a mace.
You bludgeon the giant newt!
You kill the giant newt!
The kobold hits you with a short sword.
You tentacle-slap the orc. Your grab misses the orc. You squeeze the orc.
The orc is heavily wounded.
The orc hits you with a flail!
* * * LOW HITPOINT WARNING * * *
The kobold barely misses you.
You closely miss the kobold. Your grab misses the kobold.
You squeeze the kobold, but do no damage.
The orc hits you with a flail.
* * * LOW HITPOINT WARNING * * *
The kobold barely misses you.
Your tentacle spike disappears.
There is an escape hatch in the floor here.
There is a stone staircase leading up here.
The orc hits you with a flail!
You die...

...............#....#
......#####.#...# (..
#.#...## . #.#.)..###
#.##.....# ..##o..#.#
..#K...#.# ..#o...#.#
.#@.....# ####.###
..# #.. #..# .... . >


You could see 2 orcs and a kobold.

Vanquished Creatures
  4 adders
  2 worms (D:3)
  2 giant geckos (D:1)
  An ooze (D:1)
  5 orcs (D:3)
  4 giant cockroaches
  6 hobgoblins
  4 jackals (D:2)
  A quokka (D:3)
  A ball python (D:2)
  2 bats
  3 giant newts
  7 goblins
  4 kobolds
  4 rats
50 creatures vanquished.

Notes
Turn   | Place    | Note
--------------------------------------------------------------
     0 | D:1      | Kemay, the Octopode Transmuter, began the quest for the Orb.
     0 | D:1      | Reached XP level 1. HP: 13/13 MP: 3/3
   248 | D:1      | Reached XP level 2. HP: 18/18 MP: 2/4
   928 | D:2      | Reached skill level 4 in Unarmed Combat
  1007 | D:2      | Reached XP level 3. HP: 10/23 MP: 3/6
  1335 | D:2      | Found a stormy altar of Qazlal.
  1753 | D:2      | Reached XP level 4. HP: 23/28 MP: 5/7
  2071 | D:3      | Reached skill level 5 in Unarmed Combat
  2282 | D:3      | Reached skill level 1 in Shields
  2518 | D:3      | Slain by an orc

Action                   |  1- 3 |  4- 6 || total
-------------------------+-------+-------++-------
Melee: Unarmed           |    82 |    48 ||   130
 Cast: Beastly Appendage |    22 |    12 ||    34
 Abil: End Transformatio |     6 |     5 ||    11
  Use: Scroll            |     8 |     1 ||     9
       Potion            |     1 |     1 ||     2
 Stab: Sleeping          |     1 |     1 ||     2
  Eat: Chunk             |     3 |     3 ||     6
